General information
- name: BNet
- type: Ladder team game (AT/RT)
- host: Battle.net
- saver: ILoveToFlip
map: Monsoon
- players: 6
- length: 33:44
- speed: Fast
- version: 1.24 W3XP
- replay type: Public
» download(254 KB)
Players
team 1 (winner)
ILoveToFlip (
yellow | 88 APM | 2958 actions | 33:43)
6 Mountain King
3 Storm Bolt
2 Bash
1 Avatar
4 Blood Mage
2 Flame Strike
1 Siphon Mana
1 Banish
3 Archmage
1 Brilliance Aura
2 Blizzard
» actions
| Assign group hotkey | 21 | |
| Basic commands | 30 | |
| Build / train | 118 | |
| Enter build submenu | 60 | |
| Enter hero's abilities submenu | 13 | |
| Give item / drop item | 12 | |
| Right click | 1498 | |
| Select / deselect | 674 | |
| Select group hotkey | 297 | |
| Use ability | 235 | |
2958 total
» units
| Peasant | 20 | |
| Priest | 2 | |
| Sorceress | 2 | |
24 total
» upgrades
| Masonry | 3 | |
| Lumber Harvesting | 2 | |
| Magic Sentry | 1 | |
| Sorceress Training | 2 | |
| Priest Training | 2 | |
10 total
» buildings
| Altar of Kings | 1 | |
| Scout Tower | 63 | |
| Farm | 5 | |
| Lumber Mill | 1 | |
| Arcane Tower | 11 | |
| Guard Tower | 28 | |
| Arcane Vault | 2 | |
| Town Hall | 1 | |
| Keep | 1 | |
| Arcane Sanctum | 1 | |
| Castle | 1 | |
115 total
» build order
00:06 Altar of Kings
00:28 Scout Tower
00:36 Farm
00:53 Lumber Mill
00:58 Arcane Tower
01:28 Farm
01:36 Scout Tower
02:07 Farm
02:14 Guard Tower
02:21 Scout Tower
02:48 Scout Tower
02:53 Arcane Vault
03:32 Guard Tower
04:00 Scout Tower
04:06 Arcane Tower
04:43 Guard Tower
04:44 Scout Tower
05:16 Town Hall
05:17 Scout Tower
05:21 Arcane Tower
05:22 Scout Tower
06:24 Guard Tower
06:30 Scout Tower
06:33 Arcane Tower
06:34 Scout Tower
06:37 Keep
07:00 Guard Tower
07:02 Scout Tower
07:11 Farm
07:17 Guard Tower
07:41 Guard Tower
07:42 Scout Tower
07:44 Scout Tower
07:45 Scout Tower
08:39 Farm
08:56 Guard Tower
09:03 Guard Tower
09:07 Arcane Sanctum
09:11 Scout Tower
10:07 Arcane Tower
10:08 Scout Tower
10:32 Castle
11:55 Arcane Vault
12:33 Scout Tower
12:36 Scout Tower
12:36 Scout Tower
12:38 Arcane Tower
13:04 Scout Tower
13:05 Scout Tower
13:07 Scout Tower
13:23 Guard Tower
13:41 Guard Tower
13:49 Scout Tower
14:00 Scout Tower
14:01 Scout Tower
14:18 Guard Tower
14:20 Scout Tower
14:44 Guard Tower
14:48 Guard Tower
14:51 Scout Tower
14:54 Scout Tower
14:54 Scout Tower
14:55 Scout Tower
14:57 Guard Tower
16:01 Guard Tower
16:29 Arcane Tower
17:03 Scout Tower
17:07 Guard Tower
17:08 Scout Tower
17:29 Scout Tower
17:34 Scout Tower
17:35 Scout Tower
17:38 Guard Tower
18:39 Guard Tower
19:00 Guard Tower
19:02 Scout Tower
19:03 Scout Tower
20:35 Arcane Tower
20:36 Guard Tower
20:40 Scout Tower
20:40 Scout Tower
20:43 Scout Tower
20:49 Guard Tower
21:13 Guard Tower
23:39 Guard Tower
23:41 Scout Tower
23:44 Scout Tower
23:46 Scout Tower
23:47 Scout Tower
24:42 Arcane Tower
24:43 Guard Tower
26:20 Scout Tower
26:21 Scout Tower
26:22 Scout Tower
26:22 Scout Tower
26:30 Scout Tower
26:31 Scout Tower
26:32 Scout Tower
26:35 Scout Tower
26:36 Scout Tower
26:49 Guard Tower
30:06 Arcane Tower
30:08 Guard Tower
30:14 Scout Tower
30:14 Scout Tower
30:21 Scout Tower
30:47 Guard Tower
32:05 Scout Tower
32:06 Scout Tower
32:07 Scout Tower
32:10 Scout Tower
32:14 Scout Tower
32:14 Scout Tower
32:21 Arcane Tower
» items
| Staff of Teleportation | 3 | |
| Boots of Speed | 3 | |
| Dust of Appearance | 1 | |
| Healing Salve | 2 | |
| Lesser Clarity Potion | 7 | |
| Potion of Mana | 2 | |
| Potion of Invisibility | 1 | |
| Staff of Sanctuary | 3 | |
| Orb of Lightning | 3 | |
| Periapt of Vitality | 2 | |
27 total
OlesnTwinsHPV (
red | 102 APM | 3447 actions | 33:42)
4 Tauren Chieftain
2 Shockwave
2 Endurance Aura
5 Pandaren Brewmaster
3 Breath of Fire
2 Drunken Haze
2 Shadow Hunter
1 Hex
1 Healing Wave
» actions
| Assign group hotkey | 18 | |
| Basic commands | 12 | |
| Build / train | 106 | |
| ESC pressed | 16 | |
| Enter build submenu | 69 | |
| Enter hero's abilities submenu | 11 | |
| Give item / drop item | 15 | |
| Right click | 1441 | |
| Select / deselect | 350 | |
| Select group hotkey | 1067 | |
| Use ability | 342 | |
3447 total
» units
| Peon | 25 | |
| Mud Golem | 1 | |
| Ogre Magi | 2 | |
| Gnoll Warden | 1 | |
| Troll Batrider | 12 | |
41 total
» upgrades
» buildings
| Altar of Storms | 1 | |
| Orc Burrow | 4 | |
| Voodoo Lounge | 4 | |
| War Mill | 1 | |
| Watch Tower | 48 | |
| Stronghold | 4 | |
| Great Hall | 1 | |
| Fortress | 1 | |
| Beastiary | 2 | |
66 total
» build order
00:11 Altar of Storms
00:24 Orc Burrow
01:08 Voodoo Lounge
01:13 War Mill
01:41 Orc Burrow
02:34 Watch Tower
02:52 Watch Tower
03:08 Watch Tower
03:53 Watch Tower
04:11 Watch Tower
04:32 Watch Tower
04:44 Watch Tower
04:45 Watch Tower
04:46 Watch Tower
05:07 Watch Tower
05:18 Watch Tower
05:21 Watch Tower
05:25 Watch Tower
05:40 Watch Tower
06:41 Stronghold
06:41 Stronghold
06:58 Watch Tower
08:21 Orc Burrow
08:27 Orc Burrow
08:37 Watch Tower
08:46 Great Hall
08:51 Watch Tower
09:44 Watch Tower
09:45 Watch Tower
10:00 Watch Tower
10:02 Watch Tower
10:05 Watch Tower
10:54 Watch Tower
11:16 Watch Tower
11:19 Voodoo Lounge
11:23 Watch Tower
12:10 Fortress
12:52 Watch Tower
13:09 Watch Tower
13:10 Watch Tower
13:12 Watch Tower
13:15 Voodoo Lounge
13:18 Watch Tower
13:47 Beastiary
13:49 Beastiary
13:54 Watch Tower
13:55 Watch Tower
14:15 Watch Tower
14:22 Voodoo Lounge
14:40 Watch Tower
14:41 Watch Tower
16:27 Watch Tower
16:34 Watch Tower
16:36 Watch Tower
17:46 Watch Tower
17:46 Watch Tower
18:52 Watch Tower
19:02 Watch Tower
20:41 Watch Tower
20:41 Watch Tower
22:57 Watch Tower
22:58 Watch Tower
25:26 Watch Tower
25:27 Watch Tower
» items
| Scroll of Speed | 2 | |
| Lesser Clarity Potion | 12 | |
| Healing Salve | 4 | |
| Staff of Teleportation | 3 | |
| Boots of Speed | 3 | |
| Circlet of Nobility | 5 | |
| Staff of Sanctuary | 3 | |
| Potion of Mana | 3 | |
| Orb of Lightning | 3 | |
| Scroll of Town Portal | 1 | |
| Scroll of Regeneration | 1 | |
| Potion of Invisibility | 1 | |
| Dust of Appearance | 1 | |
| Potion of Lesser Invulnerability | 1 | |
43 total
SPOOON (
blue | 115 APM | 3871 actions | 33:42)
5 Blademaster
3 Wind Walk
1 Critical Strike
1 Mirror Image
4 Shadow Hunter
2 Hex
2 Healing Wave
» actions
| Assign group hotkey | 25 | |
| Basic commands | 30 | |
| Build / train | 91 | |
| ESC pressed | 7 | |
| Enter build submenu | 61 | |
| Enter hero's abilities submenu | 9 | |
| Give item / drop item | 6 | |
| Right click | 1929 | |
| Select / deselect | 575 | |
| Select group hotkey | 954 | |
| Use ability | 184 | |
3871 total
» units
» upgrades
| Ranged Weapons | 3 | |
| Liquid Fire | 1 | |
| Reinforced Defenses | 1 | |
| Armor | 1 | |
| Troll Regeneration | 1 | |
| Shaman Training | 2 | |
| Witch Doctor Training | 2 | |
11 total
» buildings
| Altar of Storms | 1 | |
| Orc Burrow | 3 | |
| War Mill | 2 | |
| Voodoo Lounge | 1 | |
| Watch Tower | 48 | |
| Stronghold | 1 | |
| Beastiary | 2 | |
| Fortress | 1 | |
| Great Hall | 1 | |
| Barracks | 1 | |
| Spirit Lodge | 1 | |
62 total
» build order
00:04 Altar of Storms
00:18 Orc Burrow
00:33 War Mill
01:12 Voodoo Lounge
02:03 Watch Tower
02:05 Watch Tower
03:31 Watch Tower
03:42 Stronghold
04:31 Orc Burrow
05:41 Watch Tower
05:51 Watch Tower
06:05 Watch Tower
06:10 Beastiary
06:58 Orc Burrow
07:05 Watch Tower
07:27 Watch Tower
07:55 Watch Tower
08:39 Fortress
08:55 Watch Tower
09:13 Watch Tower
10:00 Watch Tower
10:17 Great Hall
10:33 Watch Tower
11:08 Watch Tower
13:13 Watch Tower
13:42 Watch Tower
14:05 Beastiary
15:20 Watch Tower
15:27 Watch Tower
17:14 Watch Tower
17:19 Watch Tower
17:22 Watch Tower
17:24 Watch Tower
18:03 Watch Tower
18:26 Watch Tower
18:28 Watch Tower
18:33 Watch Tower
19:07 Watch Tower
20:15 Watch Tower
21:54 Watch Tower
21:55 Watch Tower
21:56 Watch Tower
21:59 Barracks
24:52 Watch Tower
24:55 Watch Tower
25:32 Watch Tower
25:33 Watch Tower
25:35 Watch Tower
25:38 Watch Tower
25:50 Watch Tower
25:56 Watch Tower
25:59 Watch Tower
26:02 Watch Tower
26:03 Watch Tower
26:04 Watch Tower
26:14 Watch Tower
26:15 Watch Tower
26:48 Watch Tower
28:26 Spirit Lodge
31:17 War Mill
32:48 Watch Tower
32:51 Watch Tower
» items
| Healing Salve | 6 | |
| Lesser Clarity Potion | 5 | |
| Scroll of Speed | 2 | |
| Boots of Speed | 2 | |
| Staff of Teleportation | 2 | |
| Orb of Lightning | 2 | |
| Tiny Great Hall | 1 | |
| Periapt of Vitality | 2 | |
| Circlet of Nobility | 1 | |
23 total
team 2 (loser)
I)ingle13erry (
purple | 74 APM | 2493 actions | 33:41)
5 Tauren Chieftain
2 War Stomp
3 Endurance Aura
» actions
| Assign group hotkey | 68 | |
| Basic commands | 100 | |
| Build / train | 160 | |
| ESC pressed | 17 | |
| Enter build submenu | 44 | |
| Enter hero's abilities submenu | 5 | |
| Give item / drop item | 2 | |
| Remove unit from queue | 8 | |
| Right click | 1105 | |
| Select / deselect | 464 | |
| Select group hotkey | 392 | |
| Use ability | 128 | |
2493 total
» units
| Peon | 30 | |
| Grunt | 12 | |
| Troll Batrider | 28 | |
| Demolisher | 10 | |
| Raider | 5 | |
85 total
» upgrades
| Ranged Weapons | 3 | |
| Armor | 2 | |
| Liquid Fire | 1 | |
| Reinforced Defenses | 1 | |
| Spiked Barricades | 1 | |
| Burning Oil | 1 | |
9 total
» buildings
| Altar of Storms | 1 | |
| Orc Burrow | 9 | |
| Barracks | 2 | |
| Stronghold | 3 | |
| War Mill | 1 | |
| Voodoo Lounge | 2 | |
| Beastiary | 2 | |
| Fortress | 5 | |
| Great Hall | 1 | |
| Watch Tower | 15 | |
41 total
» build order
00:07 Altar of Storms
00:18 Orc Burrow
00:26 Barracks
01:24 Orc Burrow
02:07 Barracks
03:33 Stronghold
03:33 Stronghold
04:08 War Mill
04:15 Orc Burrow
05:20 Voodoo Lounge
05:22 Voodoo Lounge
05:57 Beastiary
06:02 Beastiary
06:16 Orc Burrow
07:50 Fortress
07:50 Fortress
08:07 Great Hall
09:15 Orc Burrow
10:12 Watch Tower
10:14 Watch Tower
10:26 Watch Tower
11:46 Fortress
20:57 Watch Tower
20:58 Watch Tower
20:58 Watch Tower
22:02 Orc Burrow
22:03 Orc Burrow
22:04 Orc Burrow
22:10 Watch Tower
23:19 Watch Tower
23:26 Watch Tower
24:55 Watch Tower
24:56 Watch Tower
24:59 Watch Tower
25:24 Watch Tower
26:16 Orc Burrow
30:08 Watch Tower
30:27 Watch Tower
» items
| Boots of Speed | 3 | |
| Dust of Appearance | 2 | |
| Healing Salve | 3 | |
| Lesser Clarity Potion | 2 | |
| Scroll of Healing | 1 | |
| Scroll of Protection | 1 | |
| Orb of Lightning | 4 | |
| Scroll of Town Portal | 3 | |
| Tiny Great Hall | 1 | |
| Potion of Healing | 3 | |
| Periapt of Vitality | 1 | |
24 total
L33t_NooB (
teal | 48 APM | 1602 actions | 33:24)
4 Keeper of the Grove
2 Entangling Roots
2 Thorns Aura
3 Priestess of the Moon
2 Trueshot Aura
1 Searing Arrows
» actions
| Assign group hotkey | 29 | |
| Basic commands | 37 | |
| Build / train | 84 | |
| Enter build submenu | 34 | |
| Enter hero's abilities submenu | 7 | |
| Remove unit from queue | 1 | |
| Right click | 651 | |
| Select / deselect | 395 | |
| Select group hotkey | 303 | |
| Use ability | 61 | |
1602 total
» units
| Wisp | 35 | |
| Huntress | 4 | |
| Archer | 3 | |
| Chimaera | 18 | |
| Hippogryph | 5 | |
65 total
» upgrades
| Reinforced Hides | 3 | |
| Strength of the Wild | 3 | |
| Corrosive Breath | 1 | |
7 total
» buildings
| Altar of Elders | 1 | |
| Moon Well | 8 | |
| Hunter's Hall | 1 | |
| Ancient of War | 2 | |
| Ancient Protector | 16 | |
| Tree of Life | 1 | |
| Tree of Ages | 1 | |
| Ancient of Wonders | 1 | |
| Ancient of Wind | 1 | |
| Tree of Eternity | 1 | |
| Chimaera Roost | 2 | |
35 total
» build order
00:10 Altar of Elders
00:21 Moon Well
01:22 Hunter's Hall
01:46 Ancient of War
02:03 Ancient of War
02:17 Moon Well
02:29 Moon Well
05:04 Moon Well
06:30 Ancient Protector
06:36 Ancient Protector
06:39 Ancient Protector
06:48 Ancient Protector
07:50 Tree of Life
08:34 Tree of Ages
09:29 Ancient Protector
09:36 Ancient Protector
10:29 Ancient of Wonders
11:23 Ancient Protector
11:37 Ancient Protector
11:40 Ancient Protector
11:43 Ancient Protector
11:55 Ancient of Wind
12:35 Ancient Protector
13:36 Tree of Eternity
14:16 Moon Well
15:30 Ancient Protector
16:02 Chimaera Roost
16:04 Chimaera Roost
16:12 Moon Well
19:01 Moon Well
19:04 Moon Well
19:16 Ancient Protector
19:21 Ancient Protector
28:19 Ancient Protector
28:23 Ancient Protector

»
MSP (
pink | 82 APM | 2744 actions | 33:36)
5 Blademaster
3 Wind Walk
2 Critical Strike
4 Shadow Hunter
2 Healing Wave
2 Hex
» actions
| Assign group hotkey | 77 | |
| Basic commands | 299 | |
| Build / train | 136 | |
| ESC pressed | 4 | |
| Enter build submenu | 55 | |
| Enter hero's abilities submenu | 9 | |
| Give item / drop item | 7 | |
| Remove unit from queue | 1 | |
| Right click | 1066 | |
| Select / deselect | 377 | |
| Select group hotkey | 521 | |
| Use ability | 192 | |
2744 total
» units
| Peon | 44 | |
| Troll Batrider | 24 | |
| Shaman | 10 | |
| Wind Rider | 2 | |
| Tauren | 1 | |
81 total
» upgrades
| Armor | 4 | |
| Reinforced Defenses | 1 | |
| Liquid Fire | 1 | |
| Ranged Weapons | 3 | |
| Shaman Training | 2 | |
| Spiked Barricades | 1 | |
| Pulverize | 1 | |
13 total
» buildings
| Altar of Storms | 1 | |
| Orc Burrow | 6 | |
| War Mill | 3 | |
| Voodoo Lounge | 1 | |
| Watch Tower | 54 | |
| Stronghold | 2 | |
| Fortress | 1 | |
| Beastiary | 2 | |
| Great Hall | 1 | |
| Spirit Lodge | 2 | |
| Tauren Totem | 1 | |
74 total
» build order
00:06 Altar of Storms
00:19 Orc Burrow
00:34 War Mill
01:03 Voodoo Lounge
01:27 Orc Burrow
02:02 Watch Tower
02:23 Watch Tower
02:55 Watch Tower
03:16 Watch Tower
03:39 Stronghold
04:11 Watch Tower
06:23 Fortress
07:17 Beastiary
07:43 Beastiary
08:02 Orc Burrow
08:29 Orc Burrow
10:29 Watch Tower
10:33 Watch Tower
10:34 Watch Tower
11:43 Orc Burrow
13:06 Watch Tower
13:36 Watch Tower
13:36 Watch Tower
13:37 Watch Tower
14:06 Watch Tower
15:17 Watch Tower
15:30 Watch Tower
17:29 Watch Tower
17:32 Watch Tower
18:43 Watch Tower
18:45 Watch Tower
18:47 Watch Tower
18:50 Watch Tower
18:53 Watch Tower
18:58 Watch Tower
19:07 Great Hall
21:48 Spirit Lodge
21:52 War Mill
21:59 Watch Tower
22:00 Watch Tower
24:17 Spirit Lodge
24:50 Watch Tower
24:52 Watch Tower
24:53 Watch Tower
24:53 Watch Tower
24:54 Watch Tower
24:55 Watch Tower
24:56 Watch Tower
24:57 Watch Tower
24:58 Watch Tower
24:59 Watch Tower
25:00 Watch Tower
25:01 Watch Tower
26:23 Watch Tower
26:24 Watch Tower
26:25 Watch Tower
26:27 Watch Tower
26:29 Watch Tower
26:34 Watch Tower
26:36 Watch Tower
26:52 War Mill
27:15 Watch Tower
27:17 Watch Tower
28:57 Watch Tower
28:58 Watch Tower
28:58 Watch Tower
29:02 Watch Tower
29:03 Watch Tower
29:04 Watch Tower
29:05 Watch Tower
29:06 Watch Tower
29:48 Tauren Totem
32:16 Orc Burrow
» items
| Healing Salve | 5 | |
| Lesser Clarity Potion | 7 | |
| Scroll of Speed | 2 | |
| Circlet of Nobility | 1 | |
| Periapt of Vitality | 1 | |
| Boots of Speed | 1 | |
| Potion of Healing | 5 | |
| Orb of Lightning | 1 | |
| Tiny Great Hall | 1 | |
| Scroll of Town Portal | 1 | |
25 total
Chat log
(04:44 / Allies) SPOOON: they were harassing so I towered base
(04:47 / Allies) ILoveToFlip: o
(18:28 / All) L33t_NooB: LOL
(18:29 / All) I)ingle13erry: LOL
(18:30 / All) L33t_NooB: NOOB
(24:27 / All) OlesnTwinsHPV: lolololollollolol\
(24:29 / All) ILoveToFlip: sorry for your loss
(29:56 / All) ILoveToFlip: my main mine is out and i only have 14.1k saved
(30:01 / All) ILoveToFlip: we loose i tihnk
(30:10 / All) L33t_NooB: prolly
(30:17 / All) ILoveToFlip: NooB
(30:32 / All) L33t_NooB: says the pussy that towerd himself in
(30:34 / All) L33t_NooB: :)
(30:38 / All) ILoveToFlip: :)
(30:39 / All) OlesnTwinsHPV: im not stuck
(30:41 / All) OlesnTwinsHPV: :)
(30:44 / All) L33t_NooB: u r
(30:47 / All) OlesnTwinsHPV: i towered u out
(30:49 / All) OlesnTwinsHPV: lmaol.
(30:52 / All) L33t_NooB: and urself in
(31:40 / All) L33t_NooB: lol
(31:54 / All) L33t_NooB: noob
(31:57 / All) OlesnTwinsHPV: hmm yeah
(32:01 / All) OlesnTwinsHPV: that totally wasnt worth it
(32:16 / All) OlesnTwinsHPV: like 2 more kills and you have to deal with 5/5 tcpanda
(32:20 / All) OlesnTwinsHPV: really hard to kill towers with that ya kno
(33:18 / All) ILoveToFlip: good attack guys
(33:26 / All) ILoveToFlip: 2 e z
(33:35 / All) OlesnTwinsHPV: cya noobs